 Dungeon Crawl Stone Soup version 0.23.2-40-g277498a001 (webtiles) character file.

Game seed: 5554094056175554506

98 Destructed3 the Magician (level 4, 0/31 HPs)
             Began as a Mummy Wizard on Oct 23, 2019.
             Was an Initiate of Ashenzari.
             Slain by a goblin
             ... wielding a +0 long sword
             ... led by Robin
              (10 damage)
             ... on level 3 of the Dungeon.
             The game lasted 00:12:57 (3299 turns).

Destructed3 the Magician (Mummy Wizard)             Turns: 3299, Time: 00:12:57

Health: 0/31       AC:  3    Str: 10    XL:     4   Next: 43%
Magic:  6/12       EV: 11    Int: 18    God:    Ashenzari [......]
Gold:   122        SH:  3    Dex: 10    Spells: 8/15 levels left

rFire    x . .     SeeInvis .   k - -3 dagger (curse)
rCold    + . .     Gourm    .   d - +0 buckler
rNeg     + + +     Faith    .   a - +0 robe
rPois    ∞         Spirit   .   b - +0 hat
rElec    .         Reflect  .   (no cloak)
rCorr    .         Harm     .   e - +0 pair of gloves
MR       .....                  (no boots)
Stlth    ++........             (no amulet)
HPRegen  0.10/turn              (no ring)
MPRegen  0.13/turn              (no ring)

@: very slightly contaminated
A: no food or potions, fire vulnerability, cold resistance 1, negative energy
resistance 3, torment resistance, unbreathing
a: Curse Item, Renounce Religion


You were on level 3 of the Dungeon.
You worshipped Ashenzari.
Ashenzari was noncommittal.
You were not hungry.

You visited 1 branch of the dungeon, and saw 3 of its levels.

You collected 122 gold pieces.

Inventory:

Hand Weapons
 c - a +0 mace
 k - a cursed -3 dagger (weapon)
Armour
 a - a +0 robe (worn)
 b - a +0 hat (worn)
 d - a +0 buckler (worn)
 e - a +0 pair of gloves (worn)
 f - a +0 helmet
Scrolls
 g - a scroll of amnesia
 h - a scroll of remove curse
 i - a scroll of teleportation {unknown}
 j - 2 scrolls of random uselessness {unknown}
 l - a scroll of magic mapping {unknown}


   Skills:
 * Level 0.8 Fighting
 + Level 2.0 Dodging
 + Level 1.8 Stealth
 + Level 6.0 Spellcasting
 - Level 0.7 Conjurations
 - Level 0.7 Summonings
 - Level 0.7 Translocations


You had 8 spell levels left.
You knew the following spells:

 Your Spells              Type           Power        Failure   Level  Hunger
a - Magic Dart            Conj           #...         16%         1    N/A
b - Blink                 Tloc           N/A          22%         2    N/A
c - Call Imp              Summ           #.......     22%         2    N/A
d - Slow                  Hex            #.......     30%         2    N/A

Your spell library contained the following spells:

 Spells                   Type           Power        Failure   Level  Hunger
 Conjure Flame            Conj/Fire      #.......     45%         3    N/A
 Mephitic Cloud           Conj/Pois/Air  #.......     47%         3    N/A

Dungeon Overview and Level Annotations

Branches:
Dungeon (3/15)

Altars:
Ashenzari
Okawaru

Annotations:
D:3 Robin


Innate Abilities, Weirdness & Mutations

You do not eat or drink.
Your flesh is vulnerable to fire.
You are immune to poison.
Your flesh is cold resistant. (rC+)
You are immune to negative energy. (rN+++)
You are immune to unholy pain and torment.
You can survive without breathing.


Message History

You hit the goblin but do no damage. The goblin closely misses you.
The hobgoblin hits you with a +0 club.
Your white imp misses the goblin.
The goblin hits your white imp. The goblin closely misses you.
Your white imp misses the goblin.
The goblin hits you with a +0 club. The hobgoblin closely misses you.
Your white imp closely misses the goblin.
You barely miss the goblin. The goblin hits you but does no damage.
The hobgoblin hits you with a +0 club.
The goblin hits you with a +0 long sword!
* * * LOW HITPOINT WARNING * * *
Your white imp hits the goblin.
Your white imp freezes the goblin.
The goblin dies!
Casting: Magic Dart (safe; 16% risk of failure)
Confirm with . or Enter, or press ? or * to list all spells.
You don't know that spell.
You closely miss the hobgoblin.
The hobgoblin is lightly wounded.
The goblin closely misses you. You block the hobgoblin's attack.
The goblin hits you with a +0 long sword!
You die...

. ###.'####.###...#
#....
.gg.###...###.....#
#....
.gggg.#._.#.......#
#....
.g..###...###....##
#.... g.
.#####.###..# #....
....#.#....####
#....
g....##.##......#
#####
.....#.g.#......#
g...##.g@##.....#
....#")gg.#.....#
#.5...#.....#
g....##.######.[#
...g. #.######.##
..... #.......[#
#### #####.###.#
#.......#.#
#.###†#.#.#


You could see Robin, a hobgoblin, 3 goblins and a friendly white imp.

Vanquished Creatures
  Jessica (D:2)
  An adder (D:2)
  A worm (D:2)
  3 leopard geckos
  7 bats
  7 giant cockroaches
  7 goblins
  4 hobgoblins
  5 kobolds
  A quokka (D:2)
  A ball python (D:2)
  5 frilled lizards
  4 rats
47 creatures vanquished.

Vanquished Creatures (collateral kills)
  6 goblins (D:3)
  A hobgoblin (D:3)
7 creatures vanquished.

Grand Total: 54 creatures vanquished

Notes
Turn   | Place    | Note
-------+----------+-------------------------------------------
     0 | D:1      | Destructed3 the Mummy Wizard began the quest for the Orb.
     0 | D:1      | Reached XP level 1. HP: 13/13 MP: 5/5
   267 | D:1      | Reached XP level 2. HP: 19/19 MP: 4/7
   271 | D:1      | Learned a level 2 spell: Blink
   277 | D:1      | Learned a level 2 spell: Call Imp
   280 | D:1      | Learned a level 2 spell: Slow
   942 | D:1      | Reached skill level 5 in Spellcasting
  1284 | D:2      | Reached XP level 3. HP: 24/24 MP: 0/9
  1810 | D:2      | Found an iron altar of Okawaru.
  2492 | D:3      | Noticed Jessica
  2555 | D:2      | Killed Jessica
  2555 | D:2      | Reached XP level 4. HP: 10/31 MP: 0/11
  2853 | D:3      | Found a shattered altar of Ashenzari.
  2888 | D:3      | Became a worshipper of Ashenzari the Shackled
  2889 | D:3      | Identified the +0 helmet of Impermeability {Slay+2}
  2889 | D:3      | Noticed Robin
  3236 | D:3      | Reached skill level 6 in Spellcasting
  3299 | D:3      | Slain by a goblin

Skill      XL: |  1  2  3  4 |
---------------+-------------+-----
Spellcasting   | 5 6 |  6.0
Dodging        | 2 |  2.0
Fighting       | |  0.8
Stealth        | |  1.8
Conjurations   | |  0.7
Summonings     | |  0.7
Translocations | |  0.7

Action                   |  1- 3 |  4- 6 || total
-------------------------+-------+-------++-------
Melee: Unarmed           |     5 |       ||     5
       Mace              |    50 |    12 ||    62
       Dagger            |       |     3 ||     3
 Cast: Magic Dart        |    96 |    11 ||   107
       Call Imp          |     1 |     3 ||     4
       Blink             |       |     1 ||     1
  Use: Scroll            |     1 |       ||     1
 Stab: Sleeping          |     2 |       ||     2
Armor: Robe              |    21 |     3 ||    24
Dodge: Dodged            |    62 |    11 ||    73
Block: Buckler           |     6 |     5 ||    11
